Map: Goldenaura LE

Players

아르타니스 - Winner!

  • Race: Protoss Protoss
  • League: Platinum
  • Spawn Location: 5:00

Berserker

  • Race: Zerg Zerg
  • League: Gold
  • Spawn Location: 12:00

VOD

Have the link to the VOD?

Description

Time

  • Played on: Nov. 2, 2023, 9:44 a.m.
  • Length: 11:33
Show
View Real Time Build Order
Export as new Build Order

아르타니스 Protoss - Winner!

Build Orders: 1 Gate Expand, Zealot Archon 

Get SALT Encoding   

  12  0:01  Probe  
  13  0:13  Probe  
  14  0:20  Pylon  
  14  0:26  Probe  
  15  0:42  Gateway  
  15  0:45  Probe (Chrono Boost)  
  16  0:50  Assimilator  
  17  0:57  Probe (Chrono Boost)  
  17  1:02  Probe (Chrono Boost)  
  18  1:17  Probe  
  19  1:29  Probe  
  20  1:33  Nexus  
  20  1:43  Cybernetics Core  
  20  1:46  Assimilator  
  20  1:48  Probe  
  21  2:00  Probe  
  22  2:13  Pylon  
  22  2:16  Probe  
  22  2:19  Warp Gate  
  23  2:29  Adept (Chrono Boost)  
  23  2:31  Probe  
  26  2:38  Stargate  
  26  2:42  Gateway  
  27  2:46  Probe (Chrono Boost)  
  27  2:48  Probe (Chrono Boost)  
  28  2:52  Adept (Chrono Boost)  
  28  2:55  Probe (Chrono Boost)  
  31  3:02  Probe  
  31  3:04  Probe  
  33  3:14  Probe  
  33  3:15  Adept  
  34  4:00  Probe x2  
  34  4:02  Nexus  
  36  4:03  Pylon  
  36  4:04  Assimilator  
  36  4:07  Adept  
  36  4:08  Adept  
  40  4:15  Probe x2  
  42  4:25  Shield Battery  
  42  4:27  Oracle (Chrono Boost), Probe  
  42  4:28  Probe  
  47  4:39  Shield Battery, Probe  
  47  4:40  Probe  
  47  4:43  Twilight Council  
  49  4:47  Pylon  
  49  4:52  Gateway  
  49  4:53  Gateway  
  49  4:56  Probe x2  
  51  5:04  Assimilator  
  51  5:08  Robotics Facility, Probe  
  51  5:10  Pylon  
  51  5:11  Adept  
  51  5:12  Adept  
  56  5:22  Oracle  
  59  5:34  Templar Archives  
  59  5:35  Forge  
  59  5:59  Probe x3  
  59  6:01  Observer (Chrono Boost)  
  64  6:11  Probe x2  
  64  6:15  Gateway  
  64  6:18  Gateway  
  65  6:20  Shield Battery  
  65  6:21  Pylon  
  65  6:22  Probe  
  65  6:23  Probe x2  
  68  6:29  Charge  
  68  6:33  Immortal (Chrono Boost)  
  68  6:35  Psionic Storm  
  72  6:43  Zealot x2  
  72  6:44  Zealot x2  
  72  6:45  Protoss Ground Weapons Level 1 (Chrono Boost), Probe x3  
  83  7:07  Gateway x2  
  83  7:10  Pylon  
  83  7:11  High Templar  
  83  7:12  High Templar x2  
  83  7:13  Gateway  
  83  7:14  High Templar  
  83  7:15  Gateway  
  91  7:16  Archon  
  91  7:18  Gateway, Archon  
  91  7:20  Gateway  
  91  7:21  Warp Prism (Chrono Boost)  
  93  7:30  Photon Cannon  
  93  7:32  Probe x2  
  93  7:35  Assimilator  
  95  7:37  Assimilator  
  95  7:38  Pylon  
  95  7:41  Pylon  
  95  7:54  Gateway, Photon Cannon  
  95  7:55  Gateway  
  95  7:56  Shield Battery  
  95  8:13  Pylon  
  95  8:15  Photon Cannon  
  95  8:16  Photon Cannon  
  95  8:23  High Templar x2  
  95  8:24  High Templar x3  
  95  8:25  Zealot x3  
  95  8:26  Zealot x3  
  117  8:28  Archon x2  
  117  8:36  Pylon  
  117  8:44  Pylon  
  117  8:47  High Templar x2, Pylon  
  121  8:49  Zealot  
  121  8:50  Zealot  
  121  8:51  Archon  
  119  9:16  Zealot x4  
  119  9:17  Zealot x6  
  85  9:28  Observer, Zealot x3  
  85  9:29  Zealot x10  
  105  9:59  Warp Prism  
  106  10:01  Zealot x2  
  110  10:02  Zealot  
  110  10:46  Zealot x3  
  110  10:47  Zealot x11  
  110  11:20  High Templar x4  
  110  11:24  Archon x2  
Show
View Real Time Build Order
Export as new Build Order

Berserker Zerg 

Build Orders: Hatch First, Roach Hydra 

Get SALT Encoding   

  12  0:06  Drone  
  13  0:12  Drone  
  14  0:20  Extractor, Drone  
  15  0:43  Hatchery  
  15  0:44  Extractor  
  15  0:45  Drone  
  15  0:57  Extractor  
  15  1:01  Spawning Pool  
  14  1:08  Extractor, Drone  
  15  1:15  Overlord  
  15  1:23  Extractor  
  14  1:31  Extractor  
  14  1:32  Drone  
  14  1:35  Drone x2  
  17  1:48  Drone  
  17  1:49  Queen  
  20  2:09  Hatchery  
  20  2:13  Drone  
  20  2:19  Drone  
  20  2:21  Zergling x2  
  22  2:24  Zergling x2  
  23  2:31  Metabolic Boost  
  23  2:38  Overlord  
  23  2:49  Queen  
  25  2:54  Drone  
  25  2:55  Drone  
  27  2:59  Drone  
  27  3:01  Drone  
  29  3:13  Drone x2  
  31  3:22  Roach Warren  
  30  3:29  Spore Crawler  
  30  3:32  Spore Crawler  
  27  3:39  Drone x5  
  31  3:50  Queen  
  31  3:51  Drone  
  34  3:56  Overlord  
  34  4:06  Drone x3  
  37  4:11  Drone x3  
  37  4:13  Drone  
  37  4:15  Drone  
  42  4:17  Drone  
  42  4:24  Lair  
  43  4:31  Extractor  
  42  4:39  Evolution Chamber  
  42  4:42  Drone x4  
  42  4:43  Drone x4  
  49  4:59  Overlord x3  
  49  5:17  Zerg Missile Weapons Level 1  
  49  5:28  Hydralisk Den  
  49  5:30  Drone x4  
  49  5:33  Drone, Extractor  
  49  5:34  Drone x2  
  54  5:36  Drone x4  
  54  5:37  Drone x2  
  59  5:45  Spore Crawler  
  56  5:51  Spore Crawler  
  55  5:58  Drone x3  
  55  6:01  Glial Reconstitution  
  55  6:04  Hydralisk x7  
  72  6:15  Drone x2  
  72  6:17  Overlord x3  
  74  6:22  Hatchery  
  73  6:27  Grooved Spines  
  73  6:35  Extractor  
  73  6:36  Drone x3  
  75  6:43  Drone x4, Extractor  
  75  6:44  Drone  
  79  6:47  Extractor  
  79  6:48  Drone x5  
  83  7:11  Zerg Ground Armor Level 1  
  83  7:18  Muscular Augments  
  83  7:19  Hydralisk x6, Roach  
  83  7:20  Extractor  
  96  7:22  Overlord  
  96  7:23  Overlord x3  
  96  7:24  Pneumatized Carapace  
  96  7:27  Hatchery  
  95  7:33  Infestation Pit  
  94  7:42  Queen  
  96  7:45  Drone x2  
  96  7:46  Drone  
  96  7:51  Hydralisk x4, Roach x3  
  113  8:09  Hatchery  
  113  8:11  Zergling x6, Hydralisk x2, Roach  
  113  8:12  Hydralisk, Roach x2  
  126  8:24  Drone  
  127  8:28  Hive  
  127  8:31  Hydralisk, Roach x3  
  127  8:33  Overlord x3  
  135  8:36  Overseer x2  
  135  8:45  Drone x3  
  135  8:48  Roach  
  140  8:51  Hydralisk  
  140  8:52  Roach  
  140  8:55  Hydralisk, Roach x3  
  123  9:22  Hydralisk x2, Roach x6  
  123  9:23  Roach x2  
  95  9:35  Zergling x2, Roach x2  
  95  9:36  Zergling x2, Hydralisk x2, Roach x3  
Tags
 
Add a new tag
Caveats
  • Supply blocks, unpowered buildings, or Contaminate may cause inaccurate times.
  • Supply counts are checked every 10 seconds.